 Dungeon Crawl Stone Soup version 0.29.1-15-g9cfb28693d (webtiles) character file.

Game seed: 2999086304768496918

379 leafyfresh the Sneak (level 6, -5/43 HPs)
             Began as an Octopode Delver on Mar 5, 2023.
             Slain by a gnoll
             ... wielding a +1 flail of draining
             ... led by a gnoll bouda
              (13 damage)
             ... on level 4 of the Dungeon.
             The game lasted 00:09:22 (4418 turns).

leafyfresh the Sneak (Octopode Delver)              Turns: 4418, Time: 00:09:23

Health: -5/43      AC:  1    Str: 11    XL:     6   Next: 74%
Magic:  10/10      EV: 14    Int: 18    God:
Gold:   227        SH:  0    Dex: 18    Spells: 5/11 levels left

rFire   . . .      SeeInvis .   w - +5 whip of Expedience {drain, *Slow rCorr Int+4 Dex+4}
rCold   . . .      Faith    .   (no shield)
rNeg    + . .      Spirit   .   (helmet restricted)
rPois   .          Reflect  .   (no amulet)
rElec   .          Harm     .   q - ring of wizardry
rCorr   +          Rampage  .   r - ring of positive energy
Will    .....                   (no ring)
Stlth   +++++.....              (no ring)
HPRegen 0.14/turn               (no ring)
MPRegen 0.12/turn               (no ring)
                                (no ring)
                                (no ring)

@: weakened
A: almost no armour, amphibious, 8 rings, camouflage 1, gelatinous body 1,
(nimble swimmer 1), tentacles
a: no special abilities


You were on level 4 of the Dungeon.
You visited 1 branch of the dungeon, and saw 5 of its levels.

You collected 227 gold pieces.

Inventory:

Hand Weapons
 a - a +0 short sword
 v - a +10 club
 w - the +5 whip of Expedience (weapon) {drain, *Slow rCorr Int+4 Dex+4}
   (You found it on level 4 of the Dungeon)

   A truly terrible weapon, it drains the life of any living foe it strikes.
   Int:       It affects your intelligence (+4).
   Dex:       It affects your dexterity (+4).
   rCorr:     It protects you from acid and corrosion.
   *Slow:     It may slow you when you take damage.
Jewellery
 e - a ring of willpower
 q - a ring of wizardry (left tentacle)
 r - a ring of positive energy (right tentacle)
Wands
 f - a wand of digging (3)
Scrolls
 b - a scroll of fog
 c - a scroll of magic mapping
 d - a scroll of fear
 l - 2 scrolls of immolation {unknown}
 m - a scroll of blinking {unknown}
 n - 4 scrolls of identify {unknown}
 o - a scroll of noise {unknown}
 p - 2 scrolls of amnesia {unknown}
Potions
 g - a potion of flight {unknown}
 h - a potion of invisibility {unknown}
 i - 5 potions of curing {unknown}
 j - 2 potions of mutation {unknown}
 k - 2 potions of degeneration {unknown}
 t - a potion of lignification {unknown}
 u - 2 potions of heal wounds {unknown}
 x - a potion of magic {unknown}


   Skills:
 - Level 3.7 Fighting
 - Level 2.0 Short Blades
 - Level 3.0 Dodging
 - Level 7.4 Stealth
 - Level 3.0 Spellcasting
 + Level 3.3 Conjurations
 + Level 1.2 Transmutations


You had 5 spell levels left.
You knew the following spells:

 Your Spells              Type           Power      Damage    Failure   Level
a - Wereblood             Tmut           7%         N/A       6%          2
b - Static Discharge      Conj/Air       8%         3-4/arc   5%          2
c - Blink                 Tloc           4%         N/A       10%         2

Your spell library contained the following spells:

 Spells                   Type           Power      Damage    Failure   Level
 Sublimation of Blood     Necr           2%         N/A       10%         2
 Sticky Flame             Conj/Fire      8%         2d3       32%         4
 Dispel Undead            Necr           2%         3d7       52%         4
 Olgreb's Toxic Radiance  Pois           2%         N/A       52%         4
 Manifold Assault         Tloc           2%         N/A       85%         5
 Ozocubu's Refrigeration  Ice            1%         4d7       100%        7
 Storm Form               Tmut/Air       2%         N/A       100%        7
 Summon Hydra             Summ           1%         N/A       100%        7
 Ignition                 Fire           1%         3d3       100%        8


Dungeon Overview and Level Annotations

Branches:
Dungeon (5/15)
 Temple: D:4-7

Altars:
Kikubaaqudgha

Annotations:
D:5 1 transporter, leafyfresh's ghost, weakling OpDe


Innate Abilities, Weirdness & Mutations

You cannot wear most types of armour.
You are amphibious.
You can wear up to eight rings at the same time.
Your skin changes colour to match your surroundings (Stealth+).
Your rubbery body absorbs attacks. (AC +1, EV +1)
((You are camouflaged when in or above water. (Stealth+)))
You have tentacles for arms and can constrict up to eight enemies at once.


Message History

The bolt of dispelling energy hits the gnoll!
You kill the gnoll!
The gnoll bouda gazes fiercely through you!
You feel as though you will be weak longer.
Aiming: Quicksilver Bolt
Press: ? - help, Shift-Dir - straight line, f - gnoll bouda
Aim: a gnoll bouda, wielding a +0 club and wearing a +0 robe (75% to hit)
The bolt of dispelling energy misses the gnoll bouda.
The now-empty wand crumbles to dust.
Unknown command.
The gnoll bouda misses you. The gnoll completely misses you.
There are monsters nearby!
Unknown command.
The gnoll shouts!
You hit the gnoll bouda. You drain the gnoll bouda. You grab the gnoll bouda.
The gnoll bouda is heavily wounded.
You constrict the gnoll bouda, but do no damage.
The gnoll bouda gazes fiercely through you!
You feel as though you will be weak longer.
The gnoll bouda misses you. The gnoll hits you with a +0 flail.
You release your grip on the gnoll bouda.
The gnoll attacks as you move away! The gnoll hits you with a +0 flail!
The gnoll bouda barks out a call to the hunt!
The gnoll picks up the pace!
There is an escape hatch in the ceiling, spattered with blood here.
You hit the gnoll bouda but do no damage.
You drain the gnoll bouda. You grab the gnoll bouda.
You squeeze the gnoll bouda.
The gnoll bouda is almost dead.
You constrict the gnoll bouda.
You kill the gnoll bouda!
The gnoll hits you with a +0 flail!
* * * LOW HITPOINT WARNING * * *
Your Transmutations skill increases to level 1!
You hit the gnoll. Your grab misses the gnoll.
The gnoll is lightly wounded.
The gnoll hits you with a +0 flail.
* * * LOW HITPOINT WARNING * * *
The gnoll hits you with a +1 flail of draining!
You die...

######## #......#
#......# ######
#......# #.....
#@g....######.....
##g..#.......>...g
##)#...######....#
##....##### ######
#.........# ###
#.........# ###..
#......>..#####....
#...............##.
#######.............#
#..


You could see 2 gnolls.

Vanquished Creatures
  A scorpion (D:4)
  An orc priest (D:5)
  A gnoll bouda (D:4)
  2 iguanas
  Ijyb (D:3)
  An orc wizard (D:5)
  2 adders
  4 gnolls
  An ufetubus (D:5)
  3 worms
  10 orcs
  3 ball pythons
  5 endoplasms
  4 giant cockroaches
  7 goblins
  4 hobgoblins
  9 jackals
  4 quokkas
  6 bats
  8 frilled lizards
  4 kobolds
  7 rats
88 creatures vanquished.

Notes
Turn   | Place    | Note
-------+----------+-------------------------------------------
     0 | D:5      | leafyfresh the Octopode Delver began the quest for the Orb.
     0 | D:5      | Reached XP level 1. HP: 16/16 MP: 1/1
    14 | D:5      | Noticed an orc priest
    14 | D:5      | Noticed an orc wizard
    69 | D:4      | Noticed a gnoll bouda
   146 | D:3      | Reached XP level 2. HP: 10/21 MP: 2/2
   975 | D:2      | Reached skill level 7 in Stealth
  1002 | D:2      | Reached XP level 3. HP: 26/26 MP: 3/3
  1852 | D:1      | Reached XP level 4. HP: 18/33 MP: 4/4
  2109 | D:1      | Found a faded altar of an unknown god.
  2463 | D:1      | Learned a level 2 spell: Wereblood
  2728 | D:3      | Identified the +1 ring mail "Nelus" {+Blink MP+9 Int+5}
  2838 | D:3      | Noticed Ijyb
  2851 | D:3      | Killed Ijyb
  2852 | D:3      | Reached skill level 1 in Spellcasting
  2855 | D:3      | Learned a level 2 spell: Static Discharge
  2858 | D:3      | Learned a level 2 spell: Blink
  3111 | D:3      | Reached XP level 5. HP: 37/37 MP: 6/8
  3411 | D:4      | Identified the +5 whip of Expedience {drain, *Slow rCorr
                  | Int+4 Dex+4}
  3516 | D:4      | Reached skill level 1 in Conjurations
  3705 | D:5      | Noticed an ice beast
  3710 | D:5      | Found a transporter.
  3715 | D:5      | Noticed leafyfresh's ghost (weakling OpDe)
  3724 | D:5      | Reached XP level 6. HP: 41/43 MP: 10/10
  4098 | D:5      | Found an ancient bone altar of Kikubaaqudgha.
  4146 | D:5      | Noticed a black bear
  4418 | D:4      | Reached skill level 1 in Transmutations
  4418 | D:4      | Slain by a gnoll

Illustrated notes

Levels and vault maps discovered:
D:1:      minmay_arrival_shattered_statue, layout_basic,
          ebering_ecumenical_altar_ruins, nicolae_figureground_pulse
D:2:      layout_basic
D:3:      layout_rooms, uniq_ijyb
D:4:      layout_rooms
D:5:      layout_rooms, overflow_temple_1_default,
          nicolae_kikubaaqudgha_miasma_corner, kennysheep_mini_moat,
          gammafunk_ghost_mausoleum, uniq_menkaure, uniq_grinder

Skill      XL: |  1  2  3  4  5  6 |
---------------+-------------------+-----
Stealth        | 7 |  7.4
Dodging        | 3 |  3.0
Spellcasting   | 2 3 |  3.0
Conjurations   | 1 3 |  3.3
Transmutations | 1 |  1.2
Fighting       | |  3.7
Short Blades   | |  2.0

Action                   |  1- 3 |  4- 6 || total
-------------------------+-------+-------++-------
Melee: Short sword       |    66 |    61 ||   127
       Constrict         |    15 |    28 ||    43
       Tentacles         |    11 |    27 ||    38
       Punch             |     1 |     3 ||     4
       Club              |       |     9 ||     9
       Whip              |       |    34 ||    34
 Cast: Wereblood         |       |     1 ||     1
Evoke: Wand              |       |     5 ||     5
  Use: Potion            |       |     1 ||     1
 Stab: Sleeping          |    12 |    10 ||    22
Armor: Skin              |     3 |     4 ||     7
Dodge: Dodged            |    36 |    56 ||    92
